 Dungeon Crawl Stone Soup version 0.19-a0-1790-g026f1ef (webtiles) character file.

5005 Proteus the Unseen (level 10, -5/51 HPs)
             Began as a Spriggan Assassin on Oct 4, 2016.
             Was a High Priest of Okawaru.
             Slain by an orc warrior
             ... wielding a +0 glaive
              (17 damage)
             ... on level 9 of the Dungeon.
             The game lasted 00:37:55 (11397 turns).

Proteus the Unseen (Spriggan Assassin)             Turns: 11397, Time: 00:37:56

Health: -5/51      AC:  6    Str:  7    XL:     10   Next: 29%
Magic:  11/11      EV: 25    Int: 12    God:    Okawaru [*****.]
Gold:   485        SH:  2    Dex: 22    Spells: 0 memorised, 9 levels left

rFire  . . .     SeeInvis +     a - +2 dagger (venom)
rCold  . . .     Gourm    .     r - +2 robe {MR+}
rNeg   . . .     Faith    .     (shield restricted)
rPois  .         Spirit   .     (helmet restricted)
rElec  .         Dismiss  .     d - +1 cloak
rCorr  +         Reflect  +     (gloves unavailable)
MR     ++...     Harm     .     (boots unavailable)
Stlth  +++++++++.               t - +2 amulet of reflection
                                w - ring of resist corrosion
                                u - ring of stealth

@: very quick
A: unfitting armour, see invisible, herbivore 3, speed 3, slow metabolism 2
a: Heroism, Finesse, Renounce Religion


You were on level 9 of the Dungeon.
You worshipped Okawaru.
Okawaru was extremely pleased with you.
You were not hungry.

You visited 2 branches of the dungeon, and saw 10 of its levels.

You collected 485 gold pieces.

Inventory:

Hand Weapons
 a - a +2 dagger of venom (weapon)
 b - a +0 blowgun
 o - a +2 dagger
 H - the +5 flail "Beetleslayer" {freeze, Dex+3}
   (You found it on level 9 of the Dungeon)

   It has been specially enchanted to freeze those struck by it, causing extra
   injury to most foes and up to half again as much damage against particularly
   susceptible opponents.
   It can also slow down cold-blooded creatures.
   It affects your dexterity (+3).
Missiles
 e - 103 poisoned needles
 f - 4 curare-tipped needles
 C - 3 needles of confusion
 G - a throwing net (quivered)
Armour
 d - a +1 cloak (worn)
 r - a +2 robe of magic resistance (worn)
Jewellery
 t - a +2 amulet of reflection (around neck)
 u - a ring of stealth (left hand)
 v - an uncursed amulet of rage
 w - a ring of resist corrosion (right hand)
 y - a cursed amulet of inaccuracy {unknown}
 z - an uncursed amulet of harm {unknown}
 B - an uncursed amulet of magic regeneration {unknown}
Wands
 m - a wand of random effects (35/48)
 q - a wand of flame (27/48)
 F - a wand of acid (11/15)
Scrolls
 c - 4 scrolls of remove curse
 i - 3 scrolls of teleportation
 k - 3 scrolls of magic mapping
 x - a scroll of recharging
Potions
 h - a potion of invisibility
 j - 2 potions of ambrosia
 l - 2 potions of curing
 n - 3 potions of might
 s - 2 potions of brilliance
 A - a potion of lignification
 E - 3 potions of flight
Books
 D - a book of Air

   Spells                             Type                      Level
   a - Shock                          Conjuration/Air              1
   b - Swiftness                      Charms/Air                   2
   c - Repel Missiles                 Charms/Air                   2
   d - Static Discharge               Conjuration/Air              3
   e - Lightning Bolt                 Conjuration/Air              5
Comestibles
 g - 16 bread rations
 p - a slice of pizza


   Skills:
 + Level 4.4 Fighting
 + Level 5.8 Short Blades
 + Level 5.4 Throwing
 + Level 7.3 Dodging
 * Level 17.1 Stealth


You had 9 spell levels left.
You didn't know any spells.

Dungeon Overview and Level Annotations

Branches:
Dungeon (9/15)             Temple (1/1) D:5             Orc (0/2) D:9
   Lair: D:8-11

Altars:
Ashenzari
Cheibriados
Dithmenos
Elyvilon
Gozag
Hepliaklqana
Kikubaaqudgha
Makhleb
Nemelex Xobeh
Okawaru
Qazlal
Ru
Sif Muna
Trog
Uskayaw
Vehumet
Xom
Yredelemnul
Zin
The Shining One

Shops:
D:5 =

Annotations:
D:6 nivlat's ghost, novice NaSu


Innate Abilities, Weirdness & Mutations

You are very small and have problems with some larger weapons.
You are too small for most types of armour.
You have supernaturally acute eyesight. (SInv)
You are a herbivore.
You cover ground extremely quickly.
You need consume almost no food.


Message History

Aim: an orc warrior, wielding a glaive and wearing a chain mail You shoot a needle of confusion.
The needle of confusion closely misses the orc warrior.
Firing (i - inventory. (,) - cycle):
C - 4 needles of confusion (quivered)
Press: ? - help, Shift-Dir - straight line, f/p - orc warrior
Aim: an orc warrior, wielding a glaive and wearing a chain mail You shoot a needle of confusion.
The needle of confusion hits the orc warrior!
The orc warrior appears confused.
Wield which item (- for none, * to show all)? (? for menu, Esc to quit)
Your +2 dagger of venom begins to drip with poison!
a - a +2 dagger of venom (weapon)
You are too injured to fight recklessly!
You are too injured to fight recklessly!
You hit the orc warrior but do no damage.
The orc warrior is poisoned.
You hit the orc warrior but do no damage.
You hit the orc warrior but do no damage.
The orc warrior looks even sicker.
The orc warrior hits you with a glaive!
You die...

######### ##### ##### # ........#
#.... ...# # ........# #..# #..#
# <.......########..#####..# #
.........................########
..(............o@................
........[(...................†...
#####....()(..(............######
..........)......................
.................................
...........#######..#####...#####
##########.# #..# #...#####
..........)#######..#####........
.................................


You could see an orc warrior (confused).

Vanquished Creatures
  Pikel (D:4)
  5 yaks (D:8)
  A steam dragon (D:8)
  Eustachio (D:5)
  A swamp drake (D:9)
  2 orc warriors (D:9)
  4 slaves (D:4)
  A sky beast (D:5)
  2 eyes of draining
  2 phantoms (D:9)
  6 ogres
  3 centaurs
  2 big kobolds
  2 bullfrogs (D:8)
  3 scorpions
  5 howler monkeys
  A centaur zombie (D:5)
  3 crimson imps
  A quasit (D:5)
  3 jellies
  2 hounds
  A bullfrog skeleton (D:5)
  A centaur skeleton (D:8)
  5 orc priests
  9 orc wizards
  4 iguanas
  9 worker ants
  A worker ant zombie (D:5)
  Robin (D:4)
  9 gnolls
  12 adders
  A shadow imp (D:5)
  An ooze (D:1)
  An adder zombie (D:9)
  2 adder skeletons
  5 worms
  3 dart slugs
  3 leopard geckos
  30 orcs
  3 bats
  5 giant cockroaches
  19 goblins
  8 hobgoblins
  12 jackals
  3 quokkas
  2 ball pythons (D:3)
  3 frilled lizards
  A giant cockroach zombie (D:6)
  16 kobolds
  A leopard gecko zombie (D:5)
  10 rats
232 creatures vanquished.

Notes
Turn   | Place    | Note
-------+----------+-------------------------------------------
     0 | D:1      | Proteus the Spriggan Assassin began the quest for the Orb.
     0 | D:1      | Reached XP level 1. HP: 10/10 MP: 2/2
    24 | D:1      | Reached skill level 6 in Stealth
    74 | D:1      | Reached XP level 2. HP: 10/14 MP: 3/3
   344 | D:1      | Found an iron altar of Okawaru.
   364 | D:1      | Became a worshipper of Warmaster Okawaru
   381 | D:1      | Reached skill level 7 in Stealth
   850 | D:2      | Reached XP level 3. HP: 18/18 MP: 4/4
   995 | D:2      | Reached skill level 8 in Stealth
  1126 | D:2      | You fall through a shaft for 2 floors!
  1133 | D:4      | Reached XP level 4. HP: 22/22 MP: 5/5
  1167 | D:3      | Reached skill level 9 in Stealth
  1868 | D:3      | Reached XP level 5. HP: 25/25 MP: 6/6
  1883 | D:3      | Reached * piety under Okawaru
  1883 | D:3      | Reached skill level 10 in Stealth
  2581 | D:4      | Noticed an ogre
  2614 | D:4      | Killed an ogre
  2614 | D:4      | Reached skill level 11 in Stealth
  2614 | D:4      | Reached XP level 6. HP: 30/30 MP: 7/7
  2807 | D:4      | Noticed Robin
  2825 | D:4      | Killed Robin
  2923 | D:4      | Found a bloodstained altar of Trog.
  2959 | D:4      | Reached ** piety under Okawaru
  2968 | D:4      | Reached skill level 12 in Stealth
  3323 | D:4      | Reached XP level 7. HP: 33/33 MP: 8/8
  4249 | D:5      | Entered Level 5 of the Dungeon
  4251 | D:5      | Reached skill level 13 in Stealth
  4264 | D:5      | Noticed Pikel
  4670 | D:5      | Found a staircase to the Ecumenical Temple.
  4746 | Temple   | Entered the Ecumenical Temple
  5059 | D:5      | Reached skill level 14 in Stealth
  5526 | D:5      | Noticed Eustachio
  5533 | D:5      | Killed Eustachio
  5533 | D:5      | Reached XP level 8. HP: 38/38 MP: 9/9
  5655 | D:4      | Killed Pikel
  5655 | D:4      | Reached *** piety under Okawaru
  5931 | D:5      | Found a shadowy altar of Dithmenos.
  5973 | D:5      | Found Emehi's Jewellery Emporium.
  6045 | D:5      | Reached skill level 15 in Stealth
  6399 | D:6      | Noticed nivlat's ghost (novice NaSu)
  7528 | D:6      | You fall through a shaft!
  7529 | D:7      | Reached XP level 9. HP: 43/43 MP: 10/10
  7697 | D:7      | Reached skill level 5 in Dodging
  7749 | D:7      | Reached **** piety under Okawaru
  8311 | D:8      | Reached skill level 16 in Stealth
  8622 | D:8      | Found a radiant altar of Vehumet.
  8623 | D:8      | Found a hide-covered altar of Uskayaw.
  8815 | D:8      | Reached skill level 5 in Short Blades
  9683 | D:8      | Reached skill level 5 in Throwing
  9698 | D:8      | Reached ***** piety under Okawaru
  9714 | D:8      | Reached XP level 10. HP: 40/49 MP: 0/11
 10626 | D:9      | Received a gift from Okawaru
 10777 | D:9      | Found a staircase to the Orcish Mines.
 10820 | D:9      | Reached skill level 17 in Stealth
 11309 | D:9      | Got a transparent flail
 11310 | D:9      | Identified the +5 flail "Beetleslayer" {freeze, Dex+3} (You found it on level 9 of the Dungeon)
 11397 | D:9      | Slain by an orc warrior

Vault maps used:
D:1:      minmay_arrival_stair_chambers, okawaru_ov_weapons_minmay
D:2:      kennysheep_six_static_rooms
D:4:      first_bread, portal_sewer_entry_d, trog_hazing_becter, uniq_robin
D:5:      basic_altar, serial_shops, nicolae_shop_crystal,
          serial_bayou_crossing, uniq_eustachio, uniq_pikel
D:6:      hangedman_decor_opposing, fedhas_altar_4
D:7:      grunt_ogre_cave
D:8:      gammafunk_temple_overflow_pools
D:9:      lemuel_doored_altar, erik_orc_1
Temple:   dpeg_five_rooms_temple

Skill      XL: |  1  2  3  4  5  6  7  8  9 10 |
---------------+-------------------------------+-----
Stealth        | 6 7 8 9 11 12 14 15 16 17 | 17.1
Dodging        | 2 4 6 7 |  7.3
Fighting       | 2 4 |  4.4
Short Blades   | 4 5 |  5.8
Throwing       | 3 5 |  5.4

Action                   |  1- 3 |  4- 6 |  7- 9 | 10-12 || total
-------------------------+-------+-------+-------+-------++-------
Melee: Dagger            |    74 |   178 |   392 |   229 ||   873
 Fire: Blowgun           |       |    28 |    94 |    10 ||   132
Throw: Throwing net      |       |       |     1 |       ||     1
  Use: Scroll            |     7 |    10 |     7 |     2 ||    26
       Potion            |       |     4 |     3 |     2 ||     9
 Stab: Sleeping          |    16 |    16 |    22 |    12 ||    66
       Distracted        |       |       |     4 |       ||     4
       Confused          |       |       |     1 |     3 ||     4
       Invisible         |       |       |     1 |       ||     1
  Eat: Pizza             |       |     2 |       |     1 ||     3
       Royal jelly       |       |       |     2 |       ||     2
       Fruit             |       |       |       |     2 ||     2
Armor: Robe              |     9 |    38 |    36 |     6 ||    89
Dodge: Dodged            |    47 |   134 |   284 |   138 ||   603
Block: Other             |       |       |    17 |    11 ||    28
